Map: Acolyte LE

Players

FireZerg

  • Race: Zerg Zerg
  • Spawn Location: 1:00

Sottorks - Winner!

  • Race: Terran Terran
  • League: Master
  • Spawn Location: 7:00

Event: HopeTL

VOD

https://www.youtube.com/watch?v=fIOJgj8wW98&list=PL9QsjkBYtQM7NVZEDVfaNugqO61aBOlm6

Description

Time

  • Played on: Sept. 20, 2017, 7:30 p.m.
  • Length: 7:48
Show
View Real Time Build Order
Export as new Build Order

FireZerg Zerg 

Build Orders: Hatch First 

Get SALT Encoding   

  12  0:01  Drone  
  13  0:12  Overlord  
  13  0:17  Drone  
  14  0:30  Drone x2  
  14  0:34  Drone  
  17  0:53  Hatchery  
  17  0:56  Drone  
  17  0:59  Drone  
  17  1:03  Extractor  
  17  1:16  Spawning Pool  
  17  1:18  Drone  
  17  1:22  Drone  
  18  1:27  Drone  
  19  1:38  Overlord  
  19  2:02  Queen  
  19  2:03  Zergling x4  
  19  2:04  Metabolic Boost  
  19  2:06  Queen  
  25  2:11  Zergling x2  
  26  2:16  Drone  
  26  2:17  Drone  
  28  2:25  Drone  
  28  2:27  Drone  
  30  2:37  Drone x2  
  30  2:41  Pneumatized Carapace  
  32  2:45  Queen  
  32  2:50  Overlord  
  34  2:56  Overlord  
  34  3:02  Drone x2  
  36  3:14  Drone x2  
  36  3:16  Drone x4  
  36  3:17  Drone  
  43  3:33  Hatchery  
  42  3:42  Drone x3  
  42  3:45  Overlord  
  42  3:48  Lair  
  45  3:56  Overlord x2  
  45  4:14  Drone x6  
  45  4:15  Queen  
  53  4:25  Roach Warren  
  53  4:26  Extractor x2  
  53  4:28  Evolution Chamber  
  53  4:29  Drone  
  50  4:31  Extractor  
  50  4:38  Zergling x14  
  56  4:48  Queen x2  
  56  4:50  Zergling x6  
  63  4:53  Zerg Ground Armor Level 1  
  63  4:58  Queen  
  65  5:03  Drone  
  65  5:04  Drone x3  
  69  5:07  Glial Reconstitution  
  69  5:18  Roach x3  
  75  5:23  Roach x2  
  70  5:41  Drone x6  
  72  5:47  Roach  
  74  5:52  Roach  
  74  5:53  Roach  
  74  5:57  Overlord  
  78  5:59  Overlord  
  78  6:02  Drone  
  79  6:04  Overlord  
  79  6:15  Overlord x2  
  79  6:16  Zergling x2  
  79  6:17  Zergling x4  
  82  6:19  Ravager  
  82  6:20  Ravager x2  
  82  6:21  Ravager x2  
  82  6:23  Ravager  
  82  6:24  Roach  
  82  6:25  Roach  
  92  6:27  Roach  
  92  6:32  Roach x2  
  96  6:40  Roach  
  96  6:41  Roach x3  
  96  6:46  Zergling x2  
  107  6:47  Zergling x6  
  110  6:54  Roach x3  
  108  7:11  Roach x8  
  111  7:18  Roach  
  111  7:19  Roach x2  
  111  7:21  Overlord  
  113  7:28  Baneling Nest  
Show
View Real Time Build Order
Export as new Build Order

Sottorks Terran - Winner!

Build Orders: Reaper Expand, MMM Bio 

Get SALT Encoding   

  12  0:01  SCV  
  13  0:13  SCV  
  14  0:17  Supply Depot  
  14  0:25  SCV  
  15  0:39  SCV  
  15  0:40  Barracks  
  16  0:44  Refinery  
  16  0:51  SCV  
  17  1:03  SCV  
  18  1:15  SCV  
  19  1:27  Orbital Command  
  19  1:28  Reaper  
  20  1:40  Command Center  
  20  1:51  Barracks  
  21  1:54  SCV  
  21  2:00  Barracks Reactor  
  21  2:06  SCV  
  22  2:09  Supply Depot  
  22  2:12  Refinery  
  22  2:18  SCV  
  23  2:24  Factory  
  23  2:30  SCV  
  24  2:42  SCV  
  24  2:43  Barracks Tech Lab  
  24  2:44  Marine x2  
  27  2:54  SCV  
  27  2:56  Orbital Command  
  28  3:01  Marine, Stimpack  
  29  3:06  Marine x2  
  29  3:08  SCV  
  32  3:20  SCV  
  32  3:22  SCV, Starport  
  34  3:27  Marine  
  34  3:29  Factory Reactor  
  34  3:32  SCV  
  36  3:34  SCV  
  36  3:38  Marine x2  
  39  3:44  SCV  
  39  3:45  Marine  
  39  3:46  SCV  
  41  3:49  Supply Depot  
  41  3:52  Supply Depot  
  41  3:56  SCV, Marine  
  41  3:57  Marine  
  41  3:59  SCV  
  45  4:08  SCV  
  46  4:11  Medivac x2, SCV, Marine  
  46  4:14  Marine  
  53  4:17  Supply Depot  
  53  4:20  SCV  
  53  4:21  Marine  
  53  4:23  SCV  
  56  4:28  Marine  
  57  4:31  Marine  
  57  4:32  Engineering Bay  
  57  4:33  SCV, Engineering Bay  
  57  4:35  SCV  
  60  4:39  Marine  
  60  4:45  SCV  
  62  4:46  Marine  
  62  4:47  SCV  
  62  4:49  Marine  
  65  4:57  SCV, Marine  
  65  4:59  Terran Infantry Armor Level 1, Terran Infantry Weapons Level 1  
  67  5:01  SCV  
  67  5:03  Command Center  
  68  5:07  Supply Depot  
  68  5:08  Supply Depot  
  68  5:10  SCV  
  68  5:14  SCV  
  70  5:28  SCV  
  70  5:29  Marine x3  
  74  5:39  Barracks  
  74  5:40  Barracks  
  74  5:41  Barracks  
  74  5:42  SCV  
  64  5:44  SCV  
  64  5:45  Refinery x2  
  64  5:46  Factory Tech Lab  
  64  5:47  Marine x2  
  67  5:50  Combat Shields, Medivac x2  
  71  6:00  Marine  
  72  6:05  Marine x2  
  72  6:08  Siege Tank  
  72  6:09  SCV x2  
  79  6:18  Marine  
  80  6:23  Marine x2  
  82  6:28  Barracks Reactor, Barracks Tech Lab  
  82  6:29  Barracks Reactor  
  82  6:36  Marine  
  82  6:41  Marine x2  
  82  6:42  Siege Tank  
  82  6:44  SCV  
  88  6:47  Marine  
  88  6:49  SCV  
  88  6:53  Marine  
  90  6:58  Marine x2  
  90  6:59  Orbital Command  
  91  7:05  Marine  
  91  7:11  SCV  
  91  7:12  Marine, SCV  
  91  7:13  Marine x4  
  92  7:16  Marine  
  93  7:31  Supply Depot x2  
  93  7:32  Supply Depot  
  93  7:35  SCV  
  101  7:41  Supply Depot  
Tags
 
Add a new tag
Caveats
  • Supply blocks, unpowered buildings, or Contaminate may cause inaccurate times.
  • Supply counts are checked every 10 seconds.